 Dungeon Crawl Stone Soup version 0.21.1-1-g345015fe64 (webtiles) character file.

37237 Oravi the Black Belt (level 13, -12/105 HPs)
             Began as a Merfolk Transmuter on Apr 16, 2018.
             Was a High Priest of Qazlal.
             Mangled by a spiny frog (20 damage)
             ... on level 1 of the Lair of Beasts.
             The game lasted 01:58:32 (20540 turns).

Oravi the Black Belt (Merfolk Transmuter)          Turns: 20540, Time: 01:58:34

Health: -12/105    AC: 11    Str: 10    XL:     13   Next: 95%
Magic:  13/16      EV: 20    Int: 16    God:    Qazlal [*****.]
Gold:   1087       SH:  7    Dex: 20    Spells: 1/16 levels left

rFire    + . .     SeeInvis .     - Unarmed
rCold    + + .     Gourm    .   (shield currently unavailable)
rNeg     . . .     Faith    .   (armour currently unavailable)
rPois    +         Spirit   .   (helmet currently unavailable)
rElec    .         Reflect  .   (cloak currently unavailable)
rCorr    .         Harm     .   (gloves currently unavailable)
MR       .....                  (boots currently unavailable)
Stlth    +.........             (no amulet)
HPRegen  0.27/turn              B - ring of protection from fire
MPRegen  0.15/turn              l - ring of fire

@: ice-form, protected from physical damage, repel missiles
A: large, (change form in water), (swift swim), (stealthy swim), thin skeletal
structure 1, agile 1, blurry vision 1, screaming 1
a: End Transformation, Upheaval, Elemental Force, Disaster Area, Renounce
Religion


You were on level 1 of the Lair of Beasts.
You worshipped Qazlal.
Qazlal was extremely pleased with you.
You were not hungry.
You were a creature of crystalline ice.
You visited 3 branches of the dungeon, and saw 16 of its levels.
You also visited: Sewer and Volcano.

You collected 1087 gold pieces.

Inventory:

Hand Weapons
 b - a +2 quarterstaff of flaming
Missiles
 a - 202 arrows
Armour
 t - a +1 helmet (melded)
 x - a +3 ring mail of fire resistance
 F - the +1 leather armour of the Stars (melded) {Int+3}
   (You found it on level 11 of the Dungeon)

   It affects your intelligence (+3).
Magical Staves
 n - an uncursed staff of power
 v - an uncursed staff of cold (melded)
 H - an uncursed staff of conjuration
Jewellery
 i - a cursed ring of fire
 l - a ring of fire (right front paw)
 o - an uncursed ring of protection from cold
 w - a +3 ring of protection
 B - a ring of protection from fire (left front paw)
Wands
 h - a wand of digging (15)
 p - a wand of random effects (31)
 A - a wand of disintegration (7)
 C - a wand of polymorph (14)
 D - a wand of enslavement (13)
 I - a wand of paralysis (16)
Scrolls
 f - 2 scrolls of enchant armour
 g - 6 scrolls of identify
 j - 7 scrolls of remove curse
 m - 4 scrolls of fear
 s - 2 scrolls of teleportation
 E - a scroll of fog
Potions
 e - a potion of flight
 r - a potion of agility
 u - a potion of resistance
 J - 2 potions of berserk rage
 K - 2 potions of haste
Books
 c - a book of Changes

   Spells                             Type                      Level
   a - Beastly Appendage              Transmutation                1
   b - Sticks to Snakes               Transmutation                2
   c - Spider Form                    Transmutation/Poison         3
   d - Ice Form                       Ice/Transmutation            4
   e - Blade Hands                    Transmutation                5
 y - a book of Flames

   Spells                             Type                      Level
   a - Flame Tongue                   Conjuration/Fire             1
   b - Throw Flame                    Conjuration/Fire             2
   c - Conjure Flame                  Conjuration/Fire             3
   d - Inner Flame                    Hexes/Fire                   3
   e - Sticky Flame                   Conjuration/Fire             4
   f - Fireball                       Conjuration/Fire             5
 G - a book of Enchantments

   Spells                             Type                      Level
   a - Cause Fear                     Hexes                        4
   b - Yara's Violent Unravelling     Hexes/Transmutation          5
   c - Silence                        Hexes/Air                    5
   d - Deflect Missiles               Charms/Air                   6
   e - Discord                        Hexes                        8
Comestibles
 d - 15 rations
 k - 9 chunks of flesh


   Skills:
 + Level 4.2 Fighting
 * Level 13.2 Dodging
 + Level 15.3 Unarmed Combat
 - Level 2.0 Spellcasting
 * Level 13.8 Transmutations
 * Level 5.7 Ice Magic
 - Level 9.6 Poison Magic
 * Level 3.8 Invocations
 - Level 0.1 Evocations


You had one spell level left.
You knew the following spells:

 Your Spells              Type           Power        Failure   Level  Hunger
a - Beastly Appendage     Tmut           #####.       1%          1    #......
b - Sticks to Snakes      Tmut           #####...     1%          2    ###....
c - Spider Form           Tmut/Pois      #####.....   1%          3    ###....
d - Ice Form              Ice/Tmut       ####....     3%          4    #####..
e - Blade Hands           Tmut           #####.....   1%          5    ######.


Dungeon Overview and Level Annotations

Branches:
Dungeon (13/15)            Temple (1/1) D:5            Lair (2/6) D:9
    Orc (0/2) D:12         Vaults (0/5) D:13
  Swamp: Lair:2-4    Shoals: Lair:2-4     Snake: Lair:2-4    Spider: Lair:2-4

Altars:
Ashenzari
Cheibriados
Dithmenos
Elyvilon
Fedhas
Gozag
Hepliaklqana
Kikubaaqudgha
Makhleb
Nemelex Xobeh
Okawaru
Qazlal
Ru
Sif Muna
Trog
Uskayaw
Vehumet
Wu Jian
Xom
Yredelemnul
The Shining One

Shops:
D:11 %   D:13 ([(

Annotations:
D:2 2 transporters
D:4 keat06's ghost, amateur MiFi


Innate Abilities, Weirdness & Mutations

((You revert to your normal form in water.))
((You are very nimble and swift while swimming.))
((You are very stealthy in the water. (Stealth+)))
((You are partially covered in slimy green scales. (AC +2)))
You have a somewhat thin skeletal structure. (Dex +2, Stealth)
((Your skin changes colour to match your surroundings (Stealth+).))
You are agile. (Dex +2)
Scrolls take you a little longer to read.
((Your flesh is cold resistant. (rC+)))
You occasionally shout uncontrollably at your foes.


Message History

You punch the komodo dragon! You freeze the komodo dragon.
The komodo dragon is lightly wounded.
The water moccasin closely misses you. The komodo dragon bites you!
* * * LOW HITPOINT WARNING * * *
You feel protected from physical attacks.
The spiny frog closely misses you. You block the water moccasin's attack.
You hit the komodo dragon but do no damage.
The komodo dragon is lightly wounded.
The water moccasin bites you but does no damage.
The water moccasin completely misses you.
The spiny frog stings you.
* * * LOW HITPOINT WARNING * * *
Really read with blurry vision while enemies are nearby?
The komodo dragon barely misses you. The water moccasin bites you.
* * * LOW HITPOINT WARNING * * *
You begin reading the scroll.
You continue reading the scroll.
The water moccasin is struck by lightning.
The water moccasin completely misses you.
The spiny frog stings you!!
You die...

...## ####...#..................
....# ##..##..................
....######.......................
.....#.#P...#....................
.......#...#.....................
...........###..................#
...........# ##................##
..........####.F#S§............#
.........####.FSYl.#.#####P..###
..#...........§####### ##...###
...#......#.#.## ###..#.
.......#.###### ##..#
.#....#####...## ##.. ###.###
###....# ##. #..# ###......## ##
#.####P#.......# # ##.#
#P.........###


You could see a komodo dragon, a spiny frog, a blink frog and 2 water moccasins.

Vanquished Creatures
  Azrael (D:13)
  Snorg (D:10)
  Erolcha (D:9)
  8 vault guards
  Fannar (D:10)
  5 two-headed ogres
  An unseen horror (D:13)
  2 orc knights (D:7)
  A manticore (D:11)
  3 ugly things
  Maurice (D:12)
  2 molten gargoyles (Volcano)
  A gargoyle (D:13)
  3 spiny frogs
  A kobold demonologist (D:11)
  3 efreet (Volcano)
  3 komodo dragons
  3 trolls
  2 hornets
  7 slime creatures
  A meliai zombie (D:12)
  A blink frog (Lair:1)
  2 hippogriffs
  15 yaks
  A shadow (D:11)
  Sigmund (D:3)
  A vampire (D:13)
  A spriggan (D:10)
  2 wraiths
  A basilisk (Lair:1)
  Grum (D:8)
  3 vampire mosquitoes (D:13)
  3 hungry ghosts
  8 fire elementals
  14 wargs
  5 hell hounds
  4 water moccasins
  Duvessa (D:7)
  4 porcupines
  12 orc warriors
  2 sky beasts
  A phantom (D:9)
  2 black bears
  3 ice beasts
  2 ogres
  An eye of draining (D:9)
  4 necrophages (D:7)
  3 wolves (D:8)
  4 centaurs
  2 crocodiles (D:8)
  A big kobold (D:11)
  2 wyvern zombies
  8 bullfrogs
  4 earth elementals (Volcano)
  Dowan (D:7)
  A water moccasin zombie (D:11)
  3 scorpions
  18 killer bees
  4 howler monkeys
  9 wights
  5 crimson imps
  7 hounds
  A quasit (D:9)
  2 bullfrog skeletons
  A bullfrog zombie (D:7)
  7 orc priests
  A gnoll shaman (D:6)
  2 iguanas
  A jelly (D:8)
  8 orc wizards
  Jessica (D:6)
  Natasha (thrice) (D:2)
  9 worker ants
  A hound skeleton (D:8)
  A hound zombie (D:5)
  16 adders
  5 gnolls (D:6)
  3 river rats (Sewer)
  3 shadow imps
  An ooze (D:3)
  2 adder skeletons
  2 adder zombies (D:7)
  2 worms
  10 leopard geckos
  71 orcs
  6 ball pythons
  9 giant cockroaches
  6 hobgoblins
  4 jackals (D:8)
  17 kobolds
  4 quokkas
  3 bats
  14 frilled lizards
  12 goblins
  A leopard gecko skeleton (D:7)
  14 rats
  A bush (D:7)
  A fire vortex (Volcano)
463 creatures vanquished.

Vanquished Creatures (others)
  An orc wizard (D:13)
  A fire vortex (Volcano)
  7 fungi (D:9)
  7 plants
16 creatures vanquished.

Grand Total: 479 creatures vanquished

Notes
Turn   | Place    | Note
-------+----------+-------------------------------------------
     0 | D:1      | Oravi the Merfolk Transmuter began the quest for the Orb.
     0 | D:1      | Reached XP level 1. HP: 15/15 MP: 3/3
   170 | D:1      | Reached XP level 2. HP: 10/21 MP: 5/5
   340 | D:1      | Found a glowing golden altar of the Shining One.
  1007 | D:2      | Reached XP level 3. HP: 10/26 MP: 4/6
  1011 | D:2      | Learned a level 2 spell: Sticks to Snakes
  1015 | D:2      | Learned a level 3 spell: Spider Form
  1337 | D:2      | Found a white marble altar of Elyvilon.
  1603 | D:2      | Reached skill level 4 in Unarmed Combat
  1630 | D:2      | Noticed Natasha
  1640 | D:2      | Killed Natasha
  1640 | D:2      | Reached XP level 4. HP: 28/33 MP: 1/7
  1873 | D:2      | Found a transporter.
  1881 | D:2      | Found a transporter.
  1885 | D:2      | Noticed a two-headed ogre
  1887 | D:2      | Found a shimmering altar of Xom.
  1902 | D:2      | Noticed Natasha
  1907 | D:2      | Killed Natasha
  1908 | D:2      | Reached XP level 5. HP: 29/38 MP: 6/8
  2172 | D:2      | Gained mutation: You are partially covered in iridescent scales. (AC +2) [potion of mutation]
  2172 | D:2      | Gained mutation: You are robust. (+10% HP) [potion of mutation]
  2203 | D:2      | Noticed Natasha
  2206 | D:2      | Killed Natasha
  2206 | D:2      | Reached skill level 5 in Transmutations
  2311 | D:3      | Found an opulent altar of Gozag.
  2494 | D:3      | Reached skill level 1 in Poison Magic
  2798 | D:3      | Reached XP level 6. HP: 46/48 MP: 3/9
  2799 | D:3      | Found an iron altar of Okawaru.
  2848 | D:3      | Found a burning altar of Makhleb.
  2867 | D:3      | Lost mutation: You are partially covered in iridescent scales. (AC +2) [potion of mutation]
  2867 | D:3      | Lost mutation: You are robust. (+10% HP) [potion of mutation]
  2867 | D:3      | Gained mutation: You are agile. (Dex +2) [potion of mutation]
  2867 | D:3      | Gained mutation: Your flesh is cold resistant. (rC+) [potion of mutation]
  2867 | D:3      | Gained mutation: You are partially covered in rugged brown scales. (AC +1, +3% HP) [potion of mutation]
  3072 | D:3      | Noticed Sigmund
  3109 | D:3      | Killed Sigmund
  3109 | D:3      | Reached skill level 5 in Unarmed Combat
  3109 | D:3      | Reached XP level 7. HP: 27/51 MP: 4/10
  3547 | D:4      | Noticed keat06's ghost (amateur MiFi)
  4307 | D:5      | Entered Level 5 of the Dungeon
  4408 | D:5      | Found a glowing drain.
  4424 | Sewer    | Entered a sewer
  5153 | D:5      | Found a stormy altar of Qazlal.
  5161 | D:5      | Became a worshipper of Qazlal Stormbringer
  5226 | D:5      | Found a staircase to the Ecumenical Temple.
  5235 | Temple   | Entered the Ecumenical Temple
  5489 | D:5      | Reached skill level 6 in Unarmed Combat
  5489 | D:5      | Reached XP level 8. HP: 57/57 MP: 7/11
  6784 | D:6      | Noticed Jessica
  6950 | D:6      | Killed Jessica
  6950 | D:6      | Reached skill level 7 in Unarmed Combat
  7127 | D:6      | Found a deep blue altar of Sif Muna.
  7561 | D:6      | Reached skill level 5 in Poison Magic
  7562 | D:6      | Reached skill level 5 in Dodging
  7569 | D:6      | Reached XP level 9. HP: 27/63 MP: 9/12
  7955 | D:7      | Reached skill level 8 in Unarmed Combat
  8491 | D:7      | Reached * piety under Qazlal
  8517 | D:7      | Found a shadowy altar of Dithmenos.
  8574 | D:7      | Found a blossoming altar of Fedhas.
  8769 | D:7      | HP: 3/63 [warg (7)]
  8932 | D:7      | Noticed Duvessa
  8941 | D:7      | Noticed Dowan
  8943 | D:7      | Killed Duvessa
  8943 | D:7      | Reached skill level 9 in Unarmed Combat
  8945 | D:7      | Killed Dowan
  8948 | D:7      | Noticed an orc knight
  8954 | D:7      | Reached skill level 10 in Transmutations
  8987 | D:7      | Reached XP level 10. HP: 54/72 MP: 13/13
  9017 | D:7      | Reached ** piety under Qazlal
  9021 | D:7      | Noticed an orc knight
  9102 | D:7      | Reached skill level 10 in Unarmed Combat
  9531 | D:7      | Killed an orc knight
  9659 | D:7      | Killed an orc knight
  9859 | D:7      | Noticed a fire dragon
  9900 | D:7      | Reached *** piety under Qazlal
 10252 | D:8      | Noticed Grum
 10302 | D:8      | Noticed a two-headed ogre
 10319 | D:8      | Killed a two-headed ogre
 10319 | D:8      | Reached skill level 11 in Unarmed Combat
 10319 | D:8      | Reached XP level 11. HP: 71/76 MP: 14/14
 10337 | D:8      | Killed Grum
 10757 | D:8      | Found a hide-covered altar of Uskayaw.
 10818 | D:8      | Found a bloodstained altar of Trog.
 11017 | D:8      | Found an ornate altar of the Wu Jian Council.
 11019 | D:8      | Found an ancient bone altar of Kikubaaqudgha.
 11041 | D:9      | Found a staircase to the Lair.
 11406 | D:9      | Noticed a two-headed ogre
 11494 | D:8      | Killed a two-headed ogre
 11924 | D:8      | Reached skill level 10 in Dodging
 11930 | D:8      | Reached **** piety under Qazlal
 11993 | D:9      | Reached skill level 12 in Unarmed Combat
 11995 | D:9      | Noticed a two-headed ogre
 12006 | D:8      | Killed a two-headed ogre
 12094 | D:9      | Noticed Erolcha
 12106 | D:9      | Killed Erolcha
 12845 | D:9      | Lost mutation: You are agile. (Dex +2) [potion of mutation]
 12845 | D:9      | Gained mutation: You are agile. (Dex +2) [potion of mutation]
 12845 | D:9      | Gained mutation: Your spells are a little harder to cast, but a little more powerful. [potion of mutation]
 12846 | D:9      | Lost mutation: Your spells are a little harder to cast, but a little more powerful. [potion of mutation]
 12846 | D:9      | Gained mutation: Scrolls take you a little longer to read. [potion of mutation]
 12846 | D:9      | Gained mutation: You occasionally shout uncontrollably at your foes. [potion of mutation]
 12846 | D:9      | Gained mutation: You are frail. (-10% HP) [potion of mutation]
 12846 | D:9      | Gained mutation: You are partially covered in slimy green scales. (AC +2) [potion of mutation]
 12847 | D:9      | Lost mutation: You are agile. (Dex +2) [potion of mutation]
 12847 | D:9      | Lost mutation: You are frail. (-10% HP) [potion of mutation]
 12847 | D:9      | Gained mutation: You have a pair of small horns on your head. [potion of mutation]
 12847 | D:9      | Gained mutation: You are agile. (Dex +2) [potion of mutation]
 12897 | D:10     | Entered Level 10 of the Dungeon
 12907 | D:10     | Reached XP level 12. HP: 83/84 MP: 12/15
 12933 | D:10     | Noticed a two-headed ogre
 12937 | D:10     | Noticed Fannar
 13070 | D:9      | Killed a two-headed ogre
 13093 | D:10     | Killed Fannar
 13093 | D:10     | Reached skill level 13 in Unarmed Combat
 13375 | D:10     | Learned a level 4 spell: Ice Form
 13405 | D:10     | Noticed Snorg
 13415 | D:10     | Killed Snorg
 13600 | D:10     | Noticed a two-headed ogre
 13610 | D:10     | Killed a two-headed ogre
 13610 | D:10     | Reached skill level 1 in Ice Magic
 14008 | D:11     | Reached ***** piety under Qazlal
 14667 | D:11     | Found Yninuc Quis's Food Emporium.
 14857 | D:11     | Got a jewelled leather armour
 14868 | D:11     | Identified the +1 leather armour of the Stars {Int+3} (You found it on level 11 of the Dungeon)
 14917 | D:11     | Gained mutation: You are weak. (Str -2) [a neqoxec]
 15290 | D:12     | Found a staircase to the Orcish Mines.
 15742 | D:11     | Learned a level 5 spell: Blade Hands
 15867 | D:12     | Noticed Maurice
 15878 | D:12     | Reached skill level 14 in Unarmed Combat
 15882 | D:12     | Killed Maurice
 16434 | D:13     | Found Reilill's Antique Weapon Shop.
 16462 | D:13     | Reached XP level 13. HP: 90/90 MP: 16/16
 16501 | D:13     | Noticed Azrael
 16532 | D:13     | Killed Azrael
 16532 | D:13     | Reached skill level 1 in Invocations
 16908 | D:13     | Noticed a vault guard
 16909 | D:13     | Noticed a vault guard
 16913 | D:13     | Noticed a vault guard
 16928 | D:13     | Noticed a vault guard
 16930 | D:13     | Noticed a vault guard
 16930 | D:13     | Killed a vault guard
 16935 | D:13     | Killed a vault guard
 16940 | D:13     | Killed a vault guard
 16940 | D:13     | Reached skill level 5 in Ice Magic
 16945 | D:13     | Killed a vault guard
 16947 | D:13     | Noticed a vault guard
 16953 | D:13     | Killed a vault guard
 16955 | D:13     | Noticed a vault guard
 16965 | D:13     | Noticed a vault guard
 16965 | D:13     | HP: 3/90 [vault guard/glaive (21)]
 17289 | D:12     | Killed a vault guard
 17763 | D:13     | Found Yrghupniphy's Antique Weapon Emporium.
 17844 | D:13     | Found Odoih's Antique Armour Shoppe.
 18048 | D:13     | Found a gate to the Vaults.
 18075 | D:13     | Killed a vault guard
 18288 | D:13     | Killed a vault guard
 18538 | D:13     | Reached skill level 15 in Unarmed Combat
 18760 | Lair:1   | Entered Level 1 of the Lair of Beasts
 18869 | Lair:1   | Found a labyrinth entrance.
 19060 | Lair:1   | Found a dark tunnel.
 19290 | Volcano  | Entered a volcano
 19655 | Volcano  | Lost mutation: You are weak. (Str -2) [potion of mutation]
 19655 | Volcano  | Lost mutation: You are partially covered in rugged brown scales. (AC +1, +3% HP) [potion of mutation]
 19655 | Volcano  | Lost mutation: You have a pair of small horns on your head. [potion of mutation]
 19655 | Volcano  | Gained mutation: Your skin changes colour to match your surroundings (Stealth+). [potion of mutation]
 19655 | Volcano  | Gained mutation: You have a somewhat thin skeletal structure. (Dex +2, Stealth) [potion of mutation]
 20540 | Lair:1   | Mangled by a spiny frog

Skill      XL: |  1  2  3  4  5  6  7  8  9 10 11 12 13 |
---------------+----------------------------------------+-----
Transmutations | 3 4 5 6 7 9 10 11 12 13 | 13.8
Dodging        | 3 4 5 7 9 10 12 13 | 13.2
Unarmed Combat | 4 5 6 7 9 11 12 14 15 | 15.3
Poison Magic   | 1 2 3 5 6 7 9 |  9.6
Fighting       | 2 3 4 |  4.2
Ice Magic      | 4 5 |  5.7
Invocations    | 3 |  3.8
Spellcasting   | |  2.0
Evocations     | |  0.1

Action                   |  1- 3 |  4- 6 |  7- 9 | 10-12 | 13-15 || total
-------------------------+-------+-------+-------+-------+-------++-------
Melee: Unarmed           |   121 |    94 |   350 |   780 |   297 ||  1642
       Headbutt          |     7 |     2 |     2 |    10 |    29 ||    50
       Punch             |     2 |       |     4 |     6 |     7 ||    19
       Tailslap          |       |       |    10 |     1 |       ||    11
       Staff             |       |       |       |       |     3 ||     3
 Cast: Beastly Appendage |    17 |     7 |     1 |     3 |       ||    28
       Spider Form       |     4 |    16 |    50 |    65 |    12 ||   147
       Sticks to Snakes  |       |       |    13 |     2 |       ||    15
       Blade Hands       |       |       |       |     1 |    15 ||    16
       Ice Form          |       |       |       |       |     2 ||     2
 Abil: End Transformatio |       |       |       |     5 |     1 ||     6
Evoke: Wand              |     1 |     6 |    40 |    44 |       ||    91
  Use: Scroll            |     4 |     4 |     7 |     6 |     6 ||    27
       Potion            |     1 |     3 |     2 |     4 |    12 ||    22
 Stab: Sleeping          |       |     1 |     5 |       |       ||     6
       Distracted        |       |       |     2 |       |       ||     2
       Paralysed         |       |       |     6 |       |       ||     6
  Eat: Chunk             |     4 |     8 |    22 |    31 |     4 ||    69
       Ration            |       |       |     1 |     1 |     5 ||     7
Armor: Robe              |    19 |     7 |     4 |     1 |       ||    31
       Skin              |     3 |     2 |    11 |    21 |     6 ||    43
       Leather armour    |       |       |       |     1 |    27 ||    28
Dodge: Dodged            |    92 |    74 |   321 |   632 |   210 ||  1329
       Deflected         |       |       |       |     6 |     4 ||    10
Block: Other             |       |       |     2 |   123 |    78 ||   203
